 Dungeon Crawl Stone Soup version 0.29.1-4-g47bece8355 (webtiles) character file.

Game seed: 10132923288725795737

24 LordRotharoth the Ducker (level 2, -1/14 HPs)
             Began as a Felid Berserker on Dec 8, 2022.
             Was a Follower of Trog.
             Hit by a goblin thrown by Robin (3 damage)
             ... on level 2 of the Dungeon.
             The game lasted 00:03:44 (1090 turns).

LordRotharoth the Ducker (Felid Berserker)          Turns: 1090, Time: 00:03:46

Health: -1/14      AC:  1    Str: 13    XL:     2   Next: 79%
Magic:  3/3        EV: 18    Int:  8    God:    Trog [*.....]
Gold:   52         SH:  0    Dex: 15    Spells: 1/1 levels left
                                        Lives:  0   Deaths: 0

rFire   . . .      SeeInvis +     - Unarmed
rCold   . . .      Faith    .   (shield unavailable)
rNeg    . . .      Spirit   .   (body armour unavailable)
rPois   .          Reflect  .   (helmet unavailable)
rElec   .          Harm     .   (cloak unavailable)
rCorr   .          Rampage  .   (gloves unavailable)
Will    .....                   (boots unavailable)
Stlth   ++........              (no amulet)
HPRegen 0.04/turn               (no ring)
MPRegen 0.08/turn               (no ring)

@: quick
A: very small, claws 1, fangs 3, see invisible, speed 1, shaggy fur 1, stealthy
paws, no weapons or thrown items, no armour, multi-lived
a: Renounce Religion, Berserk


You were on level 2 of the Dungeon.
You worshipped Trog.
Trog was aware of your devotion.
You visited 1 branch of the dungeon, and saw 2 of its levels.

You collected 52 gold pieces.

Inventory:

Scrolls
 a - 2 scrolls of identify


   Skills:
 + Level 3.2 Fighting
 + Level 4.6 Dodging
 + Level 0.4 Stealth
 + Level 3.4 Unarmed Combat


You had one spell level left.
You didn't know any spells.
Your spell library was empty.

Dungeon Overview and Level Annotations

Branches:
Dungeon (2/15)

Altars:

Annotations:
D:2 Robin


Innate Abilities, Weirdness & Mutations

You have sharp claws.
You have razor-sharp teeth.
You have supernaturally acute eyesight. (SInv)
You cover ground quickly. (Speed+)
You are covered in fur. (AC +1)
Your paws help you pounce on unaware monsters.
You are incapable of wielding weapons or throwing items.
You cannot wear armour.
You gain extra lives every three experience levels.


Message History

The goblin shoots a sling bullet.
The sling bullet closely misses you.
You start resting.
A goblin is nearby!
An adder comes into view.
The goblin unwields a +0 sling.
The goblin wields a +0 club.
The goblin completely misses you.
The adder hisses angrily.
You scratch the goblin.
You kill the goblin!
Trog accepts your kill.
Unknown command.
Unknown command.
The goblin no longer looks unusually strong.
The goblin hits you but does no damage.
Things that are here:
a +0 club; a +0 sling Unknown command.
You scratch the goblin.
You kill the goblin!
Trog accepts your kill.
The goblin no longer looks unusually strong.
You scratch the adder.
The adder is lightly wounded.
The goblin no longer looks unusually strong.
The goblin barely misses you. The adder bites you.
Unknown command.
Unknown command.
Unknown command.
You closely miss the adder. You bite the adder.
The adder is heavily wounded.
The adder closely misses you. The goblin closely misses you.
Unknown command.
Unknown command.
You closely miss the adder.
The adder is heavily wounded.
The goblin no longer looks unusually strong.
The adder bites you.
* * * LOW HITPOINT WARNING * * *
The goblin closely misses you. Robin throws the goblin at you!
You die...

#........#
#.######.# #.# #.#
#######.######.##
#>......†...##..##
#.###...###.##..)#
#.....######..##
##gS...# #....#
##@#### ♣....♣ #g#
♣♣...♣ #g# ♣♣.♣♣
#g# ♣♣.


ggg ♣ g.g ..... ..... ....... You could see Robin, an adder and 8 goblins.

Vanquished Creatures
  An endoplasm (D:1)
  2 giant cockroaches
  8 goblins
  2 hobgoblins
  2 frilled lizards (D:1)
  A kobold (D:1)
  6 rats (D:1)
22 creatures vanquished.

Notes
Turn   | Place    | Note
-------+----------+-------------------------------------------
     0 | D:1      | LordRotharoth the Felid Berserker began the quest for the
                  | Orb.
     0 | D:1      | Reached XP level 1. HP: 10/10 MP: 2/2
   586 | D:1      | Reached XP level 2. HP: 14/14 MP: 3/3
   589 | D:1      | Found a faded altar of an unknown god.
  1072 | D:2      | Noticed Robin
  1090 | D:2      | Hit by a goblin thrown by Robin

Illustrated notes

Levels and vault maps discovered:
D:1:      onia_arrival_handbag, layout_loops_cross,
          shapermc_ecumenical_altar_totnotflames
D:2:      layout_loops_corners, serial_rivers, chequers_serial_rivers_small_a,
          chequers_serial_rivers_micro_a, chequers_serial_rivers_room_b,
          chequers_serial_rivers_micro_b, chequers_serial_rivers_room_b,
          chequers_serial_rivers_small_3, kennysheep_big_empty_room,
          reono_crystal_passage, minmay_fractal_squares_gapless_5, uniq_robin,
          uniq_crazy_yiuf_cottage

Action                   || total
-------------------------++-------
Melee: Unarmed           ||    59
       Bite              ||     3
       Punch             ||     1
  Use: Scroll            ||     4
       Potion            ||     1
 Stab: Sleeping          ||     1
Armor: Skin              ||     4
Dodge: Dodged            ||    43
